 Dungeon Crawl Stone Soup version 0.24.1-14-gf8d2b509d9 (webtiles) character file.

Game seed: 13395232781872249435, levelgen mode: deterministic

663963 TittyCrusher the Cloud Mage (level 27, -1/188 HPs)
             Began as a Tengu Air Elementalist on June 25, 2022.
             Was the Champion of Vehumet.
             Killed from afar by a Tzitzimitl (11 damage)
             ... with a bolt of negative energy
             ... on level 21 of a ziggurat on June 26, 2022.
             The game lasted 06:28:02 (65105 turns).

TittyCrusher the Cloud Mage (TeAE)                 Turns: 65105, Time: 06:28:04

Health: -1/188     AC: 18    Str: 12    XL:     27
Magic:  0/56       EV: 26    Int: 33    God:    Vehumet [******]
Gold:   2223       SH: 18    Dex: 16    Spells: 4/65 levels left

rFire    + . .     SeeInvis .   a - staff of air
rCold    + . .     Gourm    .   z - +5 shield of Vlad {rC+ Int+3 Dex-4}
rNeg     + . .     Faith    .   v - +3 ring mail of Grace {rElec rN+ MR+ Regen+}
rPois    .         Spirit   +   V - +1 hat "Roarch" {Str+4}
rElec    +         Reflect  .   n - scarf {Spirit}
rCorr    .         Harm     .   L - +2 pair of gloves "Mootz" {rElec Int+3}
MR       +++..                  (boots unavailable)
Stlth    +.........             t - amulet of regeneration
HPRegen  1.21/turn              S - ring of the Octopus King {MP+9 AC+1 EV+1 Str+1 Int+1 Dex+1}
MPRegen  0.35/turn              w - ring of protection from fire

@: tornado, flying quickly and evasively, contaminated, glowing, lightly
drained, quick
A: beak, horns 1, talons 3, slimy green scales 1, agile 1, weak 1, wild magic 1,
MP-powered wands, able to fly
}: 3/15 runes: decaying, slimy, gossamer
a: Stop Flying, Renounce Religion


You were on level 21 of a ziggurat.
You worshipped Vehumet.
Vehumet was exalted by your worship.
You were full.

You visited 10 branches of the dungeon, and saw 49 of its levels.
You visited 1 ziggurat, and saw 21 of its levels.
You also visited: Bailey.

You collected 6753 gold pieces.
You spent 4530 gold pieces at shops.

Inventory:

Hand Weapons
 X - the +7 Singing Sword {slice, sonic wave}
   (You found it on level 15 of a ziggurat)

   It inflicts extra damage upon your enemies.
Armour
 n - a scarf of spirit shield (worn)
 v - the +3 ring mail of Grace (worn) {rElec rN+ MR+ Regen+}
   (You found it on level 13 of a ziggurat)

   It insulates you from electricity.
   It protects you from negative energy.
   It affects your resistance to hostile enchantments.
   It increases your rate of regeneration.
 z - the +5 shield of Vlad (worn) {rC+ Int+3 Dex-4}
   (You acquired it on level 1 of the Depths)

   It affects your intelligence (+3).
   It affects your dexterity (-4).
   It protects you from cold.
 D - the +3 pair of gauntlets of War {Slay+5}
   (You acquired it on level 12 of a ziggurat)

   It affects your accuracy and damage with ranged weapons and melee attacks
   (+5).
 L - the +2 pair of gloves "Mootz" (worn) {rElec Int+3}
   (You found it on level 17 of a ziggurat)

   It affects your intelligence (+3).
   It insulates you from electricity.
 R - the +1 faerie dragon scales {rF+ rN+ rCorr Dex+6}
   (You took it off the Enchantress on level 1 of the Depths)

   It affects your dexterity (+6).
   It protects you from fire.
   It protects you from negative energy.
   It provides partial protection from all sources of acid and corrosion.
 V - the +1 hat "Roarch" (worn) {Str+4}
   (You found it on level 1 of the Orcish Mines)

   It affects your strength (+4).
Magical Staves
 a - an uncursed staff of air (weapon)
 b - an uncursed staff of energy
 E - an uncursed staff of conjuration
 P - an uncursed staff of power
Jewellery
 i - an uncursed ring of poison resistance
 t - an amulet of regeneration (around neck)
 u - an uncursed ring of protection from cold
 w - a ring of protection from fire (right hand)
 x - an uncursed ring of magical power
 A - an uncursed ring of see invisible
 H - the ring of Awe {rN+ Dex+5}
   (You found it on level 16 of a ziggurat)

   [ring of positive energy]

   It affects your dexterity (+5).
   It protects you from negative energy.
 I - the ring "Ciampah" {MR+ Dex+3}
   (You found it on level 17 of a ziggurat)

   [ring of protection from magic]

   It affects your dexterity (+3).
   It affects your resistance to hostile enchantments.
 S - a ring of the Octopus King (left hand) {MP+9 AC+1 EV+1 Str+1 Int+1 Dex+1}
   (You found it on level 9 of a ziggurat)

   [ring of magical power]

   It affects your AC (+1).
   It affects your evasion (+1).
   It affects your strength (+1).
   It affects your intelligence (+1).
   It affects your dexterity (+1).
   It affects your magic capacity (+9).
Wands
 y - a wand of digging (12)
 M - a wand of disintegration (37)
 Z - a wand of iceblast (5)
Scrolls
 d - 38 scrolls of remove curse
 h - 13 scrolls of teleportation
 k - 18 scrolls of fog
 l - 2 scrolls of torment
 s - 4 scrolls of summoning
 G - 3 scrolls of immolation
 J - 4 scrolls of identify
 K - 5 scrolls of fear
 U - a scroll of vulnerability
 W - 3 scrolls of magic mapping
Potions
 e - 9 potions of curing
 q - 5 potions of agility
 r - 8 potions of brilliance
 B - 4 potions of might
 C - 7 potions of lignification
 F - 3 potions of mutation
 N - 2 potions of haste
 T - 2 potions of cancellation
Miscellaneous
 f - a fan of gales
 g - a lamp of fire
 O - a lightning rod (4/4)
Comestibles
 c - 27 rations


   Skills:
 - Level 23.2(22.6) Fighting
 - Level 13.8(13.3) Armour
 - Level 16.6(16.0) Dodging
 - Level 2.0(1.6) Stealth
 - Level 16.2(15.6) Shields
 - Level 19.9(19.3) Spellcasting
 - Level 13.6(13.1) Conjurations
 - Level 3.3(2.9) Charms
 - Level 5.9(5.5) Necromancy
 + Level 14.3(13.8) Translocations
 - Level 5.3(4.9) Transmutations
 - Level 24.7(24.0) Air Magic
 - Level 9.5(9.0) Evocations


You had 4 spell levels left.
You knew the following spells:

 Your Spells              Type           Power        Failure   Level  Hunger
a - Chain Lightning       Conj/Air       ########..   2%          8    #####..
b - Tornado               Air            #########.   4%          9    ######.
c - Airstrike             Air            #########.   1%          4    None
d - Deflect Missiles      Chrm/Air       ########..   2%          6    None
e - Regeneration          Chrm/Necr      ######....   2%          3    None
f - Irradiate             Conj/Tmut      #######...   1%          5    None
g - Apportation           Tloc           ######       1%          1    None
h - Necromutation         Tmut/Necr      ######....   100%        8    #####..
i - Orb of Destruction    Conj           ########..   3%          7    ###....
j - Blink                 Tloc           N/A          1%          2    None
k - Controlled Blink      Tloc           N/A          50%         8    #####..

Your spell library contained the following spells:

 Spells                   Type           Power        Failure   Level  Hunger
 Lehudib's Crystal Spear  Conj/Erth      #######...   91%         8    #####..
 Animate Skeleton         Necr           N/A          1%          1    None
 Beastly Appendage        Tmut           ######       1%          1    None
 Flame Tongue             Conj/Fire      #####        1%          1    None
 Magic Dart               Conj           ####         1%          1    None
 Pain                     Necr           ####         1%          1    None
 Sandblast                Erth           #####.       1%          1    None
 Shock                    Conj/Air       ####         1%          1    None
 Sting                    Conj/Pois      ####         1%          1    None
 Corpse Rot               Necr           N/A          1%          2    None
 Poisonous Vapours        Pois/Air       ######       1%          2    None
 Searing Ray              Conj           ######       1%          2    None
 Shroud of Golubria       Chrm/Tloc      ######       1%          2    None
 Song of Slaying          Chrm           ######..     1%          2    None
 Sticks to Snakes         Tmut           ######..     1%          2    None
 Sublimation of Blood     Necr           ######....   1%          2    None
 Swiftness                Chrm/Air       ########     1%          2    None
 Throw Flame              Conj/Fire      ######       1%          2    None
 Throw Frost              Conj/Ice       ######       1%          2    None
 Conjure Flame            Conj/Fire      #######.     1%          3    None
 Dazzling Spray           Conj/Hex       ######       1%          3    None
 Gell's Gravitas          Tloc           ########..   1%          3    None
 Ignite Poison            Fire/Tmut/Pois ######..     1%          3    None
 Lesser Beckoning         Tloc           ########..   1%          3    None
 Mephitic Cloud           Conj/Pois/Air  ########     1%          3    None
 Portal Projectile        Hex/Tloc       ######       1%          3    None
 Recall                   Summ/Tloc      N/A          1%          3    None
 Static Discharge         Conj/Air       ########     1%          3    None
 Stone Arrow              Conj/Erth      ######       1%          3    None
 Teleport Other           Tloc           ########     1%          3    None
 Vampiric Draining        Necr           ######....   1%          3    None
 Force Lance              Conj/Tloc      ########     1%          4    None
 Fulminant Prism          Conj/Hex       #######...   1%          4    None
 Iskenderun's Mystic Bla  Conj           ########     1%          4    None
 Passage of Golubria      Tloc           N/A          1%          4    None
 Sticky Flame             Conj/Fire      #######.     1%          4    None
 Summon Lightning Spire   Summ/Air       ########     1%          4    None
 Throw Icicle             Conj/Ice       #######.     1%          4    None
 Passwall                 Tmut/Erth      ######..     2%          2    None
 Inner Flame              Hex/Fire       #####...     2%          3    None
 Confusing Touch          Hex            #####.       3%          1    None
 Corona                   Hex            #####..      3%          1    None
 Summon Butterflies       Summ           #####...     3%          1    None
 Summon Small Mammal      Summ           ####         3%          1    None
 Animate Dead             Necr           N/A          3%          4    None
 Spider Form              Tmut/Pois      ######....   4%          3    None
 Call Imp                 Summ           #####...     5%          2    None
 Ensorcelled Hibernation  Hex/Ice        #####.       5%          2    None
 Slow                     Hex            #####...     5%          2    None
 Ozocubu's Armour         Chrm/Ice       ######..     5%          3    None
 Call Canine Familiar     Summ           #####...     10%         3    None
 Confuse                  Hex            #####...     10%         3    None
 Summon Guardian Golem    Hex/Summ       #####...     10%         3    None
 Tukima's Dance           Hex            #####...     10%         3    None
 Ice Form                 Ice/Tmut       ######..     11%         4    None
 Petrify                  Tmut/Erth      ######..     11%         4    None
 Cause Fear               Hex            #####.....   28%         4    None
 Leda's Liquefaction      Hex/Erth       #####.....   28%         4    None
 Summon Ice Beast         Ice/Summ       #####...     28%         4    None
 Fireball                 Conj/Fire      #######...   1%          5    None
 Iskenderun's Battlesphe  Conj/Chrm      #######.     1%          5    None
 Lightning Bolt           Conj/Air       ########..   1%          5    None
 Silence                  Hex/Air        ########..   1%          5    None
 Conjure Ball Lightning   Conj/Air       ########..   1%          6    None
 Freezing Cloud           Conj/Ice/Air   ########..   1%          6    None
 Dispersal                Tloc           ########..   2%          6    None
 Bolt of Magma            Conj/Fire/Erth ######....   3%          5    None
 Summon Forest            Summ/Tloc      #######...   5%          5    None
 Yara's Violent Unravell  Hex/Tmut       ######....   8%          5    None
 Bolt of Cold             Conj/Ice       #######...   8%          6    None
 Iron Shot                Conj/Erth      #######...   8%          6    None
 Poison Arrow             Conj/Pois      #######...   8%          6    None
 Agony                    Necr           ######..     9%          5    None
 Dispel Undead            Necr           ######..     9%          5    None
 Blade Hands              Tmut           ######....   11%         5    None
 Excruciating Wounds      Chrm/Necr      ######....   14%         5    None
 Lee's Rapid Deconstruct  Erth           #####.....   19%         5    None
 Borgnjor's Vile Clutch   Necr/Erth      ######....   24%         5    None
 Alistair's Intoxication  Tmut/Pois      ######..     28%         5    None
 Spellforged Servitor     Conj/Summ      #######...   34%         7    ###....
 Hydra Form               Tmut           ######....   45%         6    None
 Disjunction              Tloc           ########..   50%         8    #####..
 Aura of Abjuration       Summ           #####.....   58%         5    None
 Metabolic Englaciation   Hex/Ice        #####.....   58%         5    None
 Summon Demon             Summ           #####.....   58%         5    None
 Summon Mana Viper        Hex/Summ       #####...     58%         5    None
 Ozocubu's Refrigeration  Ice            #####.....   63%         6    None
 Simulacrum               Ice/Necr       ######....   75%         6    None
 Malign Gateway           Summ/Tloc      #######...   77%         7    ###....
 Statue Form              Tmut/Erth      ######...    80%         6    None
 Dragon Form              Tmut           ######....   95%         7    ###....
 Darkness                 Hex            #####.....   98%         6    None
 Invisibility             Hex            #####...     98%         6    None
 Shadow Creatures         Summ           N/A          98%         6    None
 Haunt                    Necr/Summ      ######....   99%         7    ###....
 Monstrous Menagerie      Summ           #####.....   100%        7    ###....
 Ring of Flames           Chrm/Fire      ######....   100%        7    ###....
 Summon Greater Demon     Summ           #####.....   100%        7    ###....
 Summon Hydra             Summ           #####.....   100%        7    ###....
 Borgnjor's Revivificati  Necr           ######....   100%        8    #####..
 Death's Door             Chrm/Necr      ######....   100%        8    #####..
 Discord                  Hex            #####.....   100%        8    #####..
 Infestation              Necr           ######....   100%        8    #####..
 Summon Horrible Things   Summ           #####.....   100%        8    #####..
 Fire Storm               Conj/Fire      #######...   100%        9    ######.
 Glaciate                 Conj/Ice       #######...   100%        9    ######.
 Shatter                  Erth           #####.....   100%        9    ######.


Dungeon Overview and Level Annotations

Branches:
Dungeon (15/15)            Temple (1/1) D:6            Lair (6/6) D:8
  Swamp (4/4) Lair:3       Spider (4/4) Lair:4        Slime (5/5) Lair:6
    Orc (2/2) D:9             Elf (3/3) Orc:2        Vaults (4/5) D:13
 Depths (5/5) D:15            Zot (0/5) Depths:5     Bailey (visited)
  Crypt: Vaults:2-3

Altars:
Ashenzari
Cheibriados
Dithmenos
Elyvilon
Fedhas
Gozag
Hepliaklqana
Kikubaaqudgha
Makhleb
Nemelex Xobeh
Okawaru
Qazlal
Ru
Sif Muna
Trog
Uskayaw
Vehumet
Wu Jian
Xom
Yredelemnul
Zin
The Shining One
Beogh
Jiyva

Shops:
D:12 (   Orc:2 ([*==   Vaults:1 ?   Depths:2 ?   Depths:3 =}=   Depths:5 [

Portals:
Hell: Depths:1 Depths:2 Depths:3 Depths:4 Depths:5
Abyss: Depths:4
Pandemonium: Depths:1 Depths:3

Annotations:
D:7 1 runed translucent door, Crazy Yiuf
D:15 1 runed translucent door, Bananafolds's ghost, adept NaVM
Swamp:3 exclusion: downstairs
Vaults:3 Mennas
Depths:1 1 runed translucent door, Soesill's ghost, adept DgCj


Innate Abilities, Weirdness & Mutations

You have a beak for a mouth.
You have claws for feet.
You can fly continuously.
You have a pair of small horns on your head.
You are partially covered in slimy green scales. (AC +2)
You are agile. (Dex +2)
You are weak. (Str -2)
Your spells are a little harder to cast, but a little more powerful.
You expend magic power (3 MP) to strengthen your wands.


Message History

Unknown command.
Press: ? - help, v - describe, . - travel
Here: an Executioner (lightly wounded, fast+slow)
The floor, spattered with blood.
Unknown command.
Unknown command.
Unknown command.
Casting: Chain Lightning (safe; 2% risk of failure)
Confirm with . or Enter, or press ? or * to list all spells.
You feel a surge of power!
A great vortex of raging winds appears around you.
You are engulfed in blazing flames.
You resist.
* * * LOW HITPOINT WARNING * * *
You are covered in liquid flames!
You block the Executioner's attack.
The Executioner hits you but does no damage.
You block the Executioner's attack. The Tzitzimitl gestures at you.
The bolt of negative energy hits you!! You partially resist.
You feel drained.
You die...

2.....○○°○☼......6=%$?▓
2......○○.)6......::}=▓
........○.26..X6......▓
...........☼22§☼§.....▓
...............).)...▓▓
...........§.8{.2....▓
..........2.)881.§..▓
...........§§§§§§§§▓▓
...........§w§§§@§▓▓
...........§§§§1§▓▓
.............§§.▓▓
.............§▓▓▓
▓§......§.§)▓▓
▓▓▓▓▓▓.▓▓▓▓▓▓ ▓


You could see an eldritch tentacle, a Tzitzimitl, a cacodemon, an infernal
warmonger, a green death, an Executioner, 2 blizzard demons, a gelid blood
saint, an infernal demonspawn, a large abomination and a hellion.

Vanquished Creatures
  6 pandemonium lords
  the Royal Jelly (Slime:5)
  2 ancient liches
  Sojobo (Depths:3)
  Margery (Vaults:3)
  4 greater mummies (Zig:18)
  the Lernaean hydra (Swamp:4)
  3 Killer Klowns
  A shard shrike (Zig:11)
  The ghost of Qiwept the Fencer, a veteran BaIE of Cheibriados (Depths:2)
  Bai Suzhen (Depths:1)
  4 caustic shrikes
  A golden dragon (Depths:5)
  the Enchantress (Depths:1)
  Jorgrun (Spider:1)
  3 Brimstone Fiends
  4 liches
  2 Hell Sentinels (Zig:21)
  2 Ice Fiends
  A quicksilver dragon (Depths:4)
  Asterion (Elf:1)
  3 deep elf blademasters
  2 titans (Zig:13)
  2 quicksilver dragons (shapeshifter) (Zig:12)
  4 Executioners
  24 acid blobs
  3 ancient champions (Zig:8)
  2 sphinxes
  Gastronok (D:11)
  Kirke (Spider:4)
  A thorn hunter (Swamp:4)
  Donald (Swamp:3)
  A shadow dragon (Depths:5)
  Roxanne (Swamp:4)
  2 storm dragons
  6 tengu reavers
  3 nagarajas (Zig:15)
  4 shadow dragons (shapeshifter)
  An azure jelly (shapeshifter) (Zig:7)
  4 blood saints
  A revenant (Zig:8)
  8 azure jellies
  7 draconian monks
  4 iron dragons (Depths:1)
  10 frost giants
  11 fire giants
  Louise (Swamp:3)
  3 orc warlords
  7 emperor scorpions
  8 draconian knights
  7 deep elf sorcerers
  2 warmongers (Zig:21)
  6 ghost moths
  2 draconian scorchers (Zig:16)
  2 caustic shrike zombies
  2 curse skulls
  4 balrugs
  13 vault wardens
  6 deep elf elementalists (Elf:3)
  8 draconian stormcallers
  2 black suns (Zig:21)
  4 draconian shifters (Zig:17)
  10 ironheart preservers
  5 spriggan defenders
  2 reapers
  10 draconian annihilators
  32 very ugly things
  4 caustic shrike skeletons
  A stone giant (shapeshifter) (Zig:12)
  20 stone giants
  2 vampire knights
  A juggernaut skeleton (Zig:20)
  6 green draconians
  11 deep elf demonologists
  2 bennus (Zig:18)
  2 white draconians
  3 corrupters (Zig:21)
  2 black draconians (Depths:5)
  Nessos (Lair:5)
  An entropy weaver (shapeshifter) (Zig:12)
  8 deep elf annihilators
  5 purple draconians
  7 yellow draconians
  A dire elephant (D:15)
  4 red draconians
  5 spark wasps
  Snorg (D:12)
  5 green deaths
  5 blizzard demons
  An ettin (shapeshifter) (Zig:13)
  7 deep elf death magi
  9 ettins
  5 merfolk javelineers (Zig:19)
  Josephine (D:15)
  10 great orbs of eyes
  2 mummy priests (Zig:18)
  The ghost of Firil the Destroyer, a journeyman OpFE of Vehumet (Lair:1)
  19 fire dragons
  12 death oozes
  4 merfolk impalers (Zig:19)
  2 quicksilver dragon zombies (Zig:20)
  6 deep elf high priests
  13 yaktaur captains
  Fannar (D:10)
  18 hydras
  Erolcha (Orc:2)
  4 rakshasas
  12 vault guards
  A ghost crab (Swamp:4)
  A quicksilver dragon skeleton (Zig:20)
  10 ice dragons
  A juggernaut simulacrum (Zig:11)
  6 centaur warriors
  Harold (D:10)
  A merfolk avatar (Zig:19)
  8 spriggan air magi
  3 hell beasts
  3 death knights
  15 death yaks
  5 catoblepae
  2 merfolk aquamancers (Zig:19)
  A queen ant (shapeshifter) (Zig:7)
  17 ogre magi
  2 death scarabs (Zig:18)
  7 alligators
  16 deep troll earth magi
  3 hell hogs (Zig:20)
  9 deep troll shamans
  3 vampire magi
  An alligator snapping turtle (Zig:19)
  7 orc high priests
  6 tengu warriors
  31 two-headed ogres
  4 titan zombies
  Urug (Lair:4)
  35 dancing weapons
  Nergalle (D:10)
  14 hell knights
  2 spriggan berserkers
  A soul eater (Zig:8)
  A storm dragon zombie (Zig:18)
  2 shadow wraiths
  An iron troll (shapeshifter) (Zig:9)
  21 skeletal warriors
  28 deep elf knights
  A salamander mystic (Depths:1)
  5 iron trolls
  4 sea snakes (Zig:19)
  A quicksilver dragon simulacrum (Zig:18)
  A sea snake (shapeshifter) (Zig:4)
  An unseen horror (D:12)
  A shadow demon (Zig:21)
  4 spriggan druids
  A death drake (shapeshifter) (Zig:9)
  45 deep trolls
  14 deep elf archers
  4 glowing orange brains
  10 wizards
  10 swamp dragons
  7 flayed ghosts
  A phantasmal warrior (Zig:13)
  A harpy (shapeshifter) (D:15)
  19 orc knights
  Pikel (D:6)
  2 shadow dragon zombies
  A tengu zombie (Zig:20)
  A sphinx zombie (Depths:4)
  3 orange crystal statues (Zig:3)
  14 necromancers
  A golden dragon skeleton (Depths:3)
  13 orb spiders
  16 ironbrand convokers
  15 harpies
  76 deep elf magi
  A tengu skeleton (Depths:4)
  7 shining eyes
  A sphinx skeleton (Zig:20)
  A shadow dragon skeleton (Zig:20)
  A frost giant zombie (Depths:4)
  2 oklob plants (Lair:2)
  11 orc sorcerers
  33 wolf spiders
  9 cyclopes
  2 iron dragon zombies
  62 ugly things
  2 salamanders (Depths:1)
  4 merfolk sirens (Zig:19)
  3 moths of wrath
  An elephant (shapeshifter) (Zig:12)
  5 rust devils
  2 water nymphs (Zig:19)
  13 manticores
  An ice statue (Zig:3)
  4 elephants
  A spriggan zombie (Zig:18)
  2 torpor snails (shapeshifter)
  2 naga magi (Zig:15)
  5 black mambas
  6 eyes of devastation
  2 orange demons (Swamp:4)
  4 elf zombies (Zig:20)
  A smoke demon (Zig:21)
  6 apocalypse crabs
  3 torpor snails
  2 large abominations
  4 gargoyles
  8 vault sentinels
  11 rime drakes
  A spark wasp simulacrum (Depths:4)
  7 freezing wraiths
  12 spiny frogs
  6 hellions
  7 komodo dragons
  40 yaktaurs
  9 demonic crawlers
  A kobold demonologist (D:12)
  2 yaktaurs (shapeshifter)
  4 ice devils (Zig:11)
  A red devil (Zig:21)
  2 tengu conjurers
  3 tormentors
  3 guardian mummies (Zig:18)
  4 trolls
  4 wind drakes (Zig:19)
  A yaktaur skeleton (Vaults:2)
  45 jumping spiders
  3 meliai (Spider:4)
  A shadow dragon simulacrum (Zig:11)
  A queen bee (shapeshifter) (Depths:2)
  A human skeleton (Vaults:2)
  22 merfolk (Zig:19)
  24 hornets
  13 bog bodies
  A harpy skeleton (D:15)
  5 tyrant leeches
  A blink frog (shapeshifter) (Zig:13)
  An iron dragon simulacrum (Zig:11)
  A jumping spider (shapeshifter) (Elf:3)
  28 blink frogs
  A polar bear (Lair:5)
  10 hippogriffs
  125 slime creatures
  4 snapping turtles (Zig:19)
  A small abomination (Swamp:4)
  7 flying skulls
  A snapping turtle (shapeshifter) (Depths:1)
  A centaur simulacrum (D:15)
  16 spriggans
  5 shadows
  23 tarantellas
  6 air elementals
  7 wraiths
  81 redbacks
  3 water elementals
  67 yaks
  An ushabti (Zig:18)
  6 hogs (Spider:4)
  2 fire elementals
  4 basilisks
  6 wyverns
  A yak (shapeshifter) (Depths:2)
  3 golden eyes
  12 vampire mosquitoes
  3 hungry ghosts
  A yaktaur simulacrum (Vaults:2)
  4 chaos spawn
  5 elf skeletons
  26 insubstantial wisps
  7 wargs
  16 swamp worms
  3 acid dragons
  15 water moccasins
  A soldier ant (shapeshifter) (Depths:2)
  7 porcupines
  2 hell hounds (Zig:20)
  45 orc warriors
  A floating eye (Zig:10)
  A porcupine (shapeshifter) (Vaults:1)
  5 sky beasts
  2 swamp drakes
  A black bear (D:10)
  8 ice beasts
  A deep troll simulacrum (Depths:1)
  An ettin simulacrum (Vaults:1)
  A fire dragon simulacrum (Depths:1)
  4 phantoms
  A sky beast (shapeshifter) (Vaults:1)
  2 slaves (D:6)
  An ogre (shapeshifter) (Vaults:4)
  6 eyes of draining
  A tengu (shapeshifter) (Elf:1)
  26 ogres
  17 wolves
  16 boggarts
  25 centaurs
  3 big kobolds
  14 crocodiles
  21 bullfrogs
  A gnoll sergeant (Orc:2)
  4 earth elementals
  2 wyvern zombies
  5 scorpions
  A wyvern skeleton (D:7)
  3 killer bees (D:8)
  A blink frog simulacrum (Lair:1)
  12 wights
  2 vampire bats (Orc:1)
  4 electric eels
  5 crimson imps
  2 bullfrog zombies
  A human simulacrum (Vaults:2)
  2 quasits
  3 centaur zombies
  A hippogriff simulacrum (Lair:1)
  5 hounds
  A jelly (D:15)
  2 bullfrog skeletons
  10 centaur skeletons
  A gnoll shaman (D:10)
  25 orc priests
  Ijyb (D:3)
  4 iguanas
  37 orc wizards
  12 worker ants
  A yak simulacrum (Lair:1)
  A killer bee zombie (D:8)
  A bullfrog simulacrum (Lair:1)
  A basilisk simulacrum (Lair:1)
  2 porcupine simulacra (Lair:1)
  A hound skeleton (D:8)
  4 mummies (Zig:18)
  Robin (D:3)
  19 adders
  3 shadow imps
  3 oozes
  5 worms
  2 dart slugs (D:3)
  6 leopard geckos
  122 orcs
  5 giant cockroaches
  11 goblins
  11 hobgoblins
  8 jackals
  13 kobolds
  5 quokkas
  2 ball pythons
  7 bats
  3 frilled lizards
  A leopard gecko zombie (D:8)
  A quokka zombie (D:6)
  10 rats
  3 crawling corpses (Elf:3)
  6 fungi
  13 plants
2634 creatures vanquished.

Vanquished Creatures (others)
  A draconian knight (Zig:16)
  A dancing weapon (Depths:2)
  2 hell hogs (Zig:20)
  369 ball lightnings
  A deep elf mage (Elf:1)
  A cyclops (Orc:1)
  A guardian mummy (Zig:18)
  A slime creature (Slime:1)
  An air elemental (Zig:14)
  An ogre (Vaults:3)
  A centaur (D:11)
  A goblin (D:3)
  12 fungi
  13 plants
406 creatures vanquished.

Grand Total: 3040 creatures vanquished

Notes
Turn   | Place    | Note
-------+----------+-------------------------------------------
     0 | D:1      | TittyCrusher the Tengu Air Elementalist began the quest for
                  | the Orb.
     0 | D:1      | Reached XP level 1. HP: 10/10 MP: 4/4
   165 | D:1      | Reached XP level 2. HP: 10/15 MP: 0/6
   945 | D:2      | Found a faded altar of an unknown god.
   970 | D:2      | Reached XP level 3. HP: 14/19 MP: 6/8
  1062 | D:2      | Reached XP level 4. HP: 22/24 MP: 7/11
  1081 | D:2      | Learned a level 3 spell: Static Discharge
  1377 | D:2      | Found a blossoming altar of Fedhas.
  1837 | D:2      | Gained mutation: You can fly continuously. [Tengu growth]
  1837 | D:2      | Reached XP level 5. HP: 28/28 MP: 8/12
  1958 | D:3      | Learned a level 4 spell: Airstrike
  1964 | D:3      | Noticed a big kobold
  1980 | D:3      | Killed a big kobold
  1980 | D:3      | Reached skill level 5 in Air Magic
  2213 | D:3      | Reached XP level 6. HP: 32/32 MP: 13/13
  2241 | D:3      | Noticed Ijyb
  2256 | D:3      | Reached skill level 6 in Air Magic
  2265 | D:3      | Killed Ijyb
  2454 | D:3      | Noticed Robin
  3004 | D:3      | Reached skill level 7 in Air Magic
  3086 | D:3      | Killed Robin
  3404 | D:4      | Learned a level 5 spell: Lightning Bolt
  3442 | D:4      | Found a sparkling altar of Nemelex Xobeh.
  3560 | D:4      | Reached skill level 8 in Air Magic
  3560 | D:4      | Reached XP level 7. HP: 31/36 MP: 5/14
  4520 | D:4      | Found a sacrificial altar of Ru.
  4635 | D:5      | Entered Level 5 of the Dungeon
  4643 | D:4      | Reached skill level 1 in Fighting
  5017 | D:5      | Found a snail-covered altar of Cheibriados.
  5203 | D:5      | Found a sparkling altar of Nemelex Xobeh.
  5312 | D:6      | Found a staircase to the Ecumenical Temple.
  5321 | Temple   | Entered the Ecumenical Temple
  5340 | Temple   | Became a worshipper of Vehumet
  5626 | D:5      | Reached XP level 8. HP: 47/48 MP: 15/15
  5851 | D:6      | Reached skill level 5 in Fighting
  6224 | D:6      | Got a polished mace
  6228 | D:6      | Identified the +6 mace of Dicvuatuh {crush, +Rage +Fly
                  | Dex-4} (You found it on level 6 of the Dungeon)
  6898 | D:6      | Noticed Pikel
  6928 | D:6      | Killed Pikel
  6928 | D:6      | Reached XP level 9. HP: 51/60 MP: 0/16
  7391 | D:7      | Got a warped robe
  7407 | D:7      | Identified the +2 robe "Yroykoa" {rElec rN+ Int-2 Stlth+}
                  | (You found it on level 7 of the Dungeon)
  7517 | D:7      | Found a runed translucent door.
  7518 | D:7      | Noticed Crazy Yiuf
  7581 | D:7      | Reached skill level 5 in Spellcasting
  7612 | D:7      | Reached * piety under Vehumet
  7612 | D:7      | Offered knowledge of Sting by Vehumet.
  8286 | D:8      | Reached skill level 5 in Conjurations
  8288 | D:8      | Reached XP level 10. HP: 49/66 MP: 13/21
  8292 | D:8      | Noticed a two-headed ogre
  8308 | D:8      | Noticed a fire dragon
  8328 | D:8      | Killed a two-headed ogre
  8832 | D:8      | Offered knowledge of Freeze by Vehumet.
  8866 | D:8      | Reached ** piety under Vehumet
  9700 | D:9      | Reached skill level 10 in Conjurations
  9721 | D:9      | Found a staircase to the Orcish Mines.
 10111 | D:9      | Noticed a purple ugly thing
 10124 | D:9      | Killed a purple ugly thing
 10525 | D:9      | Found a shimmering altar of Xom.
 10525 | D:9      | Found a bloodstained altar of Trog.
 10676 | D:10     | Entered Level 10 of the Dungeon
 10678 | D:10     | Identified a scroll of acquirement
 10690 | D:10     | Noticed Harold
 10814 | D:10     | Killed Harold
 10946 | D:10     | Noticed Nergalle
 10947 | D:10     | Noticed Fannar
 10966 | D:10     | Killed Fannar
 10966 | D:10     | Reached XP level 11. HP: 71/71 MP: 6/22
 11062 | D:10     | Killed Nergalle
 11076 | D:10     | Found a flagged portal.
 11077 | D:10     | Noticed a cyan ugly thing
 11136 | Bailey   | Entered a bailey
 11273 | Bailey   | Noticed an orc knight
 11476 | Bailey   | Killed an orc knight
 11788 | D:10     | Noticed a white ugly thing
 11806 | D:10     | Killed a white ugly thing
 11806 | D:10     | Reached skill level 5 in Dodging
 11995 | D:10     | You are sucked into a shaft and drop 1 floor!
 12584 | D:10     | Killed a cyan ugly thing
 12748 | D:10     | Offered knowledge of Throw Flame by Vehumet.
 13396 | D:8      | Reached *** piety under Vehumet
 13551 | D:8      | Found a staircase to the Lair.
 13568 | Lair:1   | Entered Level 1 of the Lair of Beasts
 13596 | Lair:1   | Reached skill level 1 in Armour
 13711 | Lair:1   | Found an iron altar of Okawaru.
 13773 | Lair:1   | Found a runed translucent gate.
 13773 | Lair:1   | Found a runed translucent gate.
 13773 | Lair:1   | Found a runed translucent gate.
 13848 | Lair:1   | Reached XP level 12. HP: 76/76 MP: 16/24
 13851 | Lair:1   | Offered knowledge of Throw Icicle by Vehumet.
 14181 | Lair:1   | Noticed Firil's ghost (journeyman OpFE)
 14182 | Lair:1   | Noticed an ice dragon
 14740 | Lair:1   | Killed an ice dragon
 15248 | Lair:2   | You are sucked into a shaft and drop 2 floors!
 15258 | Lair:4   | Reached **** piety under Vehumet
 15258 | Lair:4   | Reached skill level 10 in Spellcasting
 15410 | Lair:4   | Noticed Urug
 15710 | Lair:3   | Got a smoking ring mail
 15721 | Lair:3   | Identified the +1 ring mail "Qoirug" {rPois rF++ rC+ MR-}
                  | (You found it on level 3 of the Lair of Beasts)
 15775 | Lair:3   | Gained mutation: You are agile. (Dex +2) [potion of
                  | mutation]
 15775 | Lair:3   | Gained mutation: You are partially covered in slimy green
                  | scales. (AC +2) [potion of mutation]
 15775 | Lair:3   | Gained mutation: You expend magic power (3 MP) to
                  | strengthen your wands. [potion of mutation]
 16063 | Lair:2   | Reached skill level 9 in Air Magic
 16558 | Lair:2   | Noticed a death yak
 16558 | Lair:2   | Noticed a death yak
 16559 | Lair:2   | Noticed a death yak
 16559 | Lair:2   | Noticed a death yak
 16576 | Lair:2   | Killed a death yak
 16576 | Lair:2   | Reached skill level 10 in Air Magic
 16577 | Lair:2   | Killed a death yak
 16577 | Lair:2   | Killed a death yak
 16577 | Lair:2   | Offered knowledge of Mephitic Cloud by Vehumet.
 16577 | Lair:2   | Reached skill level 11 in Air Magic
 16577 | Lair:2   | Reached XP level 13. HP: 80/80 MP: 14/28
 16842 | Lair:2   | Reached skill level 12 in Air Magic
 16898 | Lair:2   | Found a blossoming altar of Fedhas.
 17381 | Lair:2   | Got a warped scale mail
 17400 | Lair:2   | Identified the cursed +1 scale mail "Ripsenoj" {MP+9} (You
                  | found it on level 2 of the Lair of Beasts)
 17456 | Lair:3   | Reached skill level 5 in Armour
 17528 | Lair:3   | Got a brightly glowing hunting sling
 17529 | Lair:3   | Identified the +8 hunting sling of Ivuadaj {freeze, rC+ MR+
                  | Str+6} (You found it on level 3 of the Lair of Beasts)
 17898 | Lair:3   | You are sucked into a shaft and drop 3 floors!
 17898 | Lair:6   | Entered Level 6 of the Lair of Beasts
 18659 | Lair:4   | You are sucked into a shaft and drop 1 floor!
 18788 | Lair:5   | Reached ***** piety under Vehumet
 18795 | Lair:5   | Offered knowledge of Bolt of Magma by Vehumet.
 19075 | Lair:5   | Learned a level 5 spell: Bolt of Magma
 19351 | Lair:4   | Killed Urug
 19497 | Lair:4   | Reached XP level 14. HP: 86/86 MP: 14/31
 19795 | Lair:4   | Found a hole to the Spider Nest.
 20331 | Lair:3   | Found a staircase to the Swamp.
 20569 | Lair:5   | Noticed Nessos
 20718 | Lair:5   | Killed Nessos
 22413 | Lair:6   | Found a staircase to the Slime Pits.
 22420 | Lair:6   | Found a viscous altar of Jiyva.
 23846 | Lair:1   | Killed Firil's ghost
 24359 | D:11     | Reached skill level 15 in Spellcasting
 24560 | D:11     | Noticed Gastronok
 24567 | D:11     | Killed Gastronok
 24567 | D:11     | Reached XP level 15. HP: 66/90 MP: 19/35
 25180 | D:12     | Offered knowledge of Irradiate by Vehumet.
 25188 | D:12     | Learned a level 5 spell: Irradiate
 25197 | D:12     | Noticed Snorg
 25202 | D:12     | Killed Snorg
 25480 | D:12     | Found Vanuk's Antique Weapon Boutique.
 25601 | D:12     | Reached skill level 1 in Evocations
 26110 | D:13     | Found a gate to the Vaults.
 26115 | D:13     | Reached skill level 5 in Evocations
 27327 | D:14     | Reached ****** piety under Vehumet
 27355 | D:14     | Offered knowledge of Conjure Ball Lightning by Vehumet.
 27856 | D:15     | Entered Level 15 of the Dungeon
 28008 | D:15     | Noticed Josephine
 28012 | D:15     | Killed Josephine
 28012 | D:15     | Reached skill level 1 in Shields
 28023 | D:15     | Reached XP level 16. HP: 66/96 MP: 8/36
 28090 | D:14     | Learned a level 6 spell: Conjure Ball Lightning
 28673 | D:15     | Reached skill level 5 in Shields
 28834 | D:15     | Found a staircase to the Depths.
 28945 | D:15     | Found a runed translucent door.
 28949 | D:15     | Noticed Bananafolds's ghost (adept NaVM)
 29731 | Orc:1    | Entered Level 1 of the Orcish Mines
 29841 | Orc:2    | Entered Level 2 of the Orcish Mines
 29841 | Orc:2    | Found Vaahochau's Jewellery Boutique.
 29862 | Orc:2    | Noticed Erolcha
 30315 | Orc:1    | Found a transporter.
 30329 | Orc:1    | Offered knowledge of Freezing Cloud by Vehumet.
 30565 | Orc:1    | Found a roughly hewn altar of Beogh.
 30565 | Orc:1    | Found a transporter.
 30852 | Orc:1    | Reached skill level 13 in Air Magic
 31011 | Orc:1    | Identified the +1 hat "Roarch" {Str+4} (You found it on
                  | level 1 of the Orcish Mines)
 31109 | Orc:2    | Killed Erolcha
 31371 | Orc:2    | Reached skill level 14 in Air Magic
 31448 | Orc:2    | Learned a level 6 spell: Freezing Cloud
 32030 | Orc:2    | Offered knowledge of Ozocubu's Refrigeration by Vehumet.
 32141 | Orc:2    | Reached skill level 15 in Air Magic
 32153 | Orc:2    | Found a staircase to the Elven Halls.
 32322 | Orc:2    | Found Sitam's General Store.
 32322 | Orc:2    | Found Moeps's Antique Armour Shoppe.
 32322 | Orc:2    | Found Kurot's Jewellery Shoppe.
 32322 | Orc:2    | Found Xenos's Antique Weapon Emporium.
 32493 | Orc:2    | Bought an embroidered robe for 122 gold pieces
 32516 | Orc:2    | Bought a glowing hat for 231 gold pieces
 32546 | Orc:2    | Bought an uncursed amulet of regeneration for 360 gold
                  | pieces
 32770 | Swamp:1  | Entered Level 1 of the Swamp
 33216 | Swamp:1  | You are sucked into a shaft and drop 1 floor!
 33223 | Swamp:2  | Reached skill level 16 in Air Magic
 33229 | Swamp:2  | Reached XP level 17. HP: 25/100 MP: 13/37
 33720 | Swamp:2  | Reached skill level 17 in Air Magic
 34088 | Swamp:3  | Noticed Louise
 34109 | Swamp:3  | Noticed Donald
 34381 | Swamp:3  | Found a stormy altar of Qazlal.
 34423 | Swamp:3  | Killed Donald
 34445 | Swamp:3  | Killed Louise
 34536 | Swamp:3  | Offered knowledge of Bolt of Cold by Vehumet.
 34907 | Swamp:4  | Entered Level 4 of the Swamp
 34957 | Swamp:4  | Identified Roxanne's Volume of Transmutation
 34957 | Swamp:4  | Noticed Roxanne
 34967 | Swamp:4  | Reached skill level 18 in Air Magic
 35964 | Swamp:4  | Reached skill level 19 in Air Magic
 36170 | Swamp:4  | Offered knowledge of Orb of Destruction by Vehumet.
 36341 | Swamp:4  | Noticed the 27-headed Lernaean hydra
 36419 | Swamp:4  | Killed the 27-headed Lernaean hydra
 36444 | Swamp:4  | Reached skill level 20 in Air Magic
 36544 | Swamp:4  | Learned a level 7 spell: Orb of Destruction
 36574 | Swamp:4  | Reached XP level 18. HP: 101/105 MP: 23/38
 36636 | Swamp:4  | Got a decaying rune of Zot
 36649 | Swamp:4  | Identified the cursed +0 leather armour of the Game Afoot
                  | {Int+3 Slay+5} (You found it on level 4 of the Swamp)
 36801 | Swamp:4  | Killed Roxanne
 37420 | Orc:2    | Bought an uncursed ring of see invisible for 180 gold
                  | pieces
 37642 | Spider:1 | Entered Level 1 of the Spider Nest
 37788 | Spider:1 | Noticed Jorgrun
 37791 | Spider:1 | Killed Jorgrun
 37791 | Spider:1 | Reached skill level 21 in Air Magic
 38276 | Spider:1 | Offered knowledge of Lehudib's Crystal Spear by Vehumet.
 38276 | Spider:1 | Offered knowledge of Chain Lightning by Vehumet.
 38276 | Spider:1 | Offered knowledge of Tornado by Vehumet.
 38286 | Spider:1 | Learned a level 8 spell: Chain Lightning
 38603 | D:15     | Learned a level 9 spell: Tornado
 39814 | Spider:2 | Reached skill level 22 in Air Magic
 41285 | Spider:4 | Entered Level 4 of the Spider Nest
 41292 | Spider:4 | Reached skill level 23 in Air Magic
 41786 | Spider:4 | Reached XP level 19. HP: 98/110 MP: 28/39
 41808 | Spider:4 | Reached skill level 24 in Air Magic
 41869 | Spider:4 | Noticed Kirke
 42062 | Spider:4 | Killed Kirke
 42133 | Spider:4 | Got a gossamer rune of Zot
 42603 | Orc:2    | Bought an uncursed ring of protection from magic for 325
                  | gold pieces
 42621 | Elf:1    | Entered Level 1 of the Elven Halls
 42836 | Elf:1    | Noticed Asterion
 42841 | Elf:1    | Killed Asterion
 42927 | Elf:1    | Identified the cursed +1 robe of Atsaerin {+Inv rElec rC+
                  | Int-5}
 43169 | Elf:1    | You are sucked into a shaft and drop 1 floor!
 43175 | Elf:2    | Reached skill level 10 in Dodging
 44334 | Elf:2    | Found a runed translucent gate.
 44335 | Elf:2    | Found a runed translucent gate.
 44336 | Elf:2    | Found a runed translucent gate.
 44349 | Elf:2    | Reached XP level 20. HP: 116/116 MP: 31/40
 44747 | Elf:3    | Entered Level 3 of the Elven Halls
 45806 | Elf:3    | Reached skill level 15 in Dodging
 46116 | Elf:3    | Identified the +4 great sword of Vufimm {flame, *Contam
                  | MR+++ Int-2 Dex+6}
 46136 | Elf:3    | Identified the +9 short sword of Corruption {pierce, rC+}
 46141 | Elf:3    | Identified the +6 quarterstaff "Himnaeg" {elec, rElec MR++
                  | Dex-5}
 46149 | Elf:3    | Identified the cursed +3 dagger of Lootoav {pierce, Int+2}
 46454 | Elf:3    | Identified the +6 scimitar of Idghoj {flame, rF+}
 46652 | Elf:3    | Identified the +5 triple crossbow "Ovemudun" {velocity,
                  | rElec MR- Dex+3} (You found it on level 3 of the Elven
                  | Halls)
 46666 | Elf:3    | Learned a level 6 spell: Deflect Missiles
 46692 | Elf:3    | Identified the +2 scale mail of Eshri {rF- Int+5} (You
                  | found it on level 3 of the Elven Halls)
 46915 | Elf:2    | Learned a level 3 spell: Regeneration
 47099 | Vaults:1 | Entered Level 1 of the Vaults
 47186 | Vaults:1 | Reached skill level 1 in Charms
 47216 | Vaults:1 | Reached skill level 1 in Necromancy
 47623 | Vaults:1 | Reached XP level 21. HP: 120/120 MP: 15/41
 48206 | Vaults:1 | Found Neimugru's Magic Scroll Shop.
 48210 | Vaults:1 | Bought a scroll of acquirement for 936 gold pieces
 48213 | Vaults:1 | Got a coiled lead amulet
 48214 | Vaults:1 | Identified the amulet of the Nightingale {Spirit Str+3}
                  | (You acquired it on level 1 of the Vaults)
 48451 | Vaults:2 | Reached skill level 10 in Fighting
 49364 | Vaults:2 | Found Atev's Food Emporium.
 50001 | Vaults:3 | Noticed Mennas
 50409 | Vaults:3 | You are sucked into a shaft and drop 1 floor!
 50503 | Vaults:4 | Reached XP level 22. HP: 138/138 MP: 39/42
 50590 | Vaults:4 | Reached skill level 15 in Fighting
 52024 | Vaults:3 | Noticed Margery
 52039 | Vaults:3 | Killed Margery
 52545 | Vaults:1 | Bought a scroll of enchant armour for 135 gold pieces
 53143 | Depths:1 | Entered Level 1 of the Depths
 53144 | Depths:1 | Noticed the Enchantress
 53150 | Depths:1 | Killed the Enchantress
 53239 | Depths:1 | Reached skill level 10 in Armour
 53366 | Depths:1 | Identified the +5 shield of Vlad {rC+ Int+3 Dex-4} (You
                  | acquired it on level 1 of the Depths)
 53410 | Depths:1 | Found a runed translucent door.
 53411 | Depths:1 | Noticed Soesill's ghost (adept DgCj)
 53514 | Depths:1 | Found a one-way gate leading to the halls of Pandemonium.
 53801 | Depths:1 | Reached XP level 23. HP: 150/150 MP: 33/43
 53888 | Depths:1 | Noticed Bai Suzhen
 53906 | Depths:1 | Killed Bai Suzhen
 53906 | Depths:1 | Reached skill level 10 in Shields
 54227 | Depths:1 | Found a gateway to Hell.
 54658 | Depths:2 | Found Kurhegif's Magic Scroll Boutique.
 54709 | Depths:2 | Noticed a caustic shrike
 54715 | Depths:2 | Killed a caustic shrike
 54810 | Depths:2 | Bought a scroll of teleportation for 63 gold pieces
 54810 | Depths:2 | Bought a scroll of enchant armour for 157 gold pieces
 54810 | Depths:2 | Bought a scroll of teleportation for 63 gold pieces
 54810 | Depths:2 | Bought a scroll of enchant armour for 157 gold pieces
 54846 | Depths:2 | Paralysed by a great orb of eyes for 6 turns
 54863 | Depths:2 | Found a runed translucent door.
 54864 | Depths:2 | Found a shimmering altar of Xom.
 54864 | Depths:2 | Identified the +2 war axe "Qaosorom" {chaos, rC+ MR- Int+4
                  | Dex+4}
 54865 | Depths:2 | Noticed Qiwept's ghost (veteran BaIE)
 54873 | Depths:2 | Identified the +7 hand crossbow of Peace {flame, Str+5}
 55235 | Depths:2 | Identified the +8 scale mail of the Barnacle {rF+ rC+} (You
                  | found it on level 2 of the Depths)
 55623 | Depths:3 | Found Nawium's Jewellery Emporium.
 55624 | Depths:3 | Found Haesuxace's Gadget Shop.
 55625 | Depths:3 | Found Inwuqo's Jewellery Emporium.
 55942 | Depths:3 | Noticed Sojobo
 56003 | Depths:3 | Reached skill level 15 in Shields
 56003 | Depths:3 | Reached XP level 24. HP: 96/156 MP: 43/43
 56011 | Depths:3 | Killed Sojobo
 56778 | Depths:4 | Identified Ixeec's Disquisition on the Shifting Traveller
 56824 | Depths:4 | Identified Sif Muna's Collected Works on Ensnaring Combat
                  | Magic
 56834 | Depths:4 | Found a shimmering blue altar of Sif Muna.
 56849 | Depths:4 | Noticed an ancient lich
 56861 | Depths:4 | Killed an ancient lich
 56992 | Depths:4 | Identified the Tome of Displaced Earth
 57006 | Depths:4 | Learned a level 1 spell: Apportation
 57009 | Depths:4 | Learned a level 2 spell: Blink
 57482 | Depths:4 | Reached XP level 25. HP: 168/168 MP: 35/43
 57550 | Depths:4 | Found a one-way gate to the infinite horrors of the Abyss.
 57847 | Depths:5 | Entered Level 5 of the Depths
 58000 | Depths:5 | Found a gate to the Realm of Zot.
 58051 | Depths:5 | Found a gateway to a ziggurat.
 58133 | Depths:5 | Found Ehyede's Antique Armour Shoppe.
 58141 | Depths:5 | Bought a blackened ring mail for 162 gold pieces
 58141 | Depths:5 | Identified the +5 ring mail of Free Will {rCorr} (You
                  | bought it in a shop on level 5 of the Depths)
 59159 | Slime:1  | Entered Level 1 of the Pits of Slime
 59355 | Slime:5  | Entered Level 5 of the Pits of Slime
 59388 | Slime:5  | Noticed the Royal Jelly
 59398 | Slime:5  | Killed the Royal Jelly
 59574 | Slime:5  | Reached XP level 26. HP: 180/180 MP: 43/43
 59580 | Slime:5  | Gained mutation: You are frail. (-10% HP) [a shining eye]
 59673 | Slime:5  | Identified the +1 buckler of the Hunter {Slay+3 SInv} (You
                  | found it on level 5 of the Pits of Slime)
 59798 | Slime:5  | Got a slimy rune of Zot
 60128 | Swamp:3  | Lost mutation: You expend magic power (3 MP) to strengthen
                  | your wands. [potion of mutation]
 60128 | Swamp:3  | Lost mutation: You are frail. (-10% HP) [potion of
                  | mutation]
 60128 | Swamp:3  | Lost mutation: You are partially covered in slimy green
                  | scales. (AC +2) [potion of mutation]
 60128 | Swamp:3  | Gained mutation: You have a pair of small horns on your
                  | head. [potion of mutation]
 60128 | Swamp:3  | Gained mutation: You are partially covered in slimy green
                  | scales. (AC +2) [potion of mutation]
 60128 | Swamp:3  | Gained mutation: Your spells are a little harder to cast,
                  | but a little more powerful. [potion of mutation]
 60128 | Swamp:3  | Gained mutation: You expend magic power (3 MP) to
                  | strengthen your wands. [potion of mutation]
 60495 | Depths:2 | Killed Qiwept's ghost
 61687 | Elf:1    | Identified the +5 chain mail of Insurance {Str+3 Dex+2}
                  | (You found it on level 1 of the Elven Halls)
 61765 | Orc:2    | Bought a bloodstained plate armour for 924 gold pieces
 61765 | Orc:2    | Identified the +1 plate armour of Osoarecu {+Inv Str+2
                  | Dex-4} (You bought it in a shop on level 2 of the Orcish
                  | Mines)
 61862 | D:8      | Identified the +3 plate armour of Lucidity {+Inv rC+} (You
                  | found it on level 8 of the Dungeon)
 62737 | Vaults:2 | Bought a ration for 65 gold pieces
 62737 | Vaults:2 | Bought a ration for 65 gold pieces
 62737 | Vaults:2 | Bought a ration for 65 gold pieces
 62737 | Vaults:2 | Bought a ration for 65 gold pieces
 62737 | Vaults:2 | Bought a ration for 65 gold pieces
 62737 | Vaults:2 | Bought a ration for 65 gold pieces
 62737 | Vaults:2 | Bought a ration for 65 gold pieces
 62737 | Vaults:2 | Bought a ration for 65 gold pieces
 62737 | Vaults:2 | Bought a ration for 65 gold pieces
 62737 | Vaults:2 | Bought a ration for 65 gold pieces
 62737 | Vaults:2 | Bought a ration for 65 gold pieces
 63192 | Zig:1    | Entered Level 1 of a ziggurat
 63244 | Zig:2    | Entered Level 2 of a ziggurat
 63261 | Zig:2    | Got a tattered robe
 63272 | Zig:2    | Identified the +2 robe of Purpose {*Corrode MR+++ Str+3
                  | Dex+3} (You found it on level 2 of a ziggurat)
 63303 | Zig:3    | Entered Level 3 of a ziggurat
 63357 | Zig:4    | Entered Level 4 of a ziggurat
 63371 | Zig:4    | Identified the Collected Works on Helpful Dislocation
 63375 | Zig:4    | Identified the amulet "Zeenkuock" {Harm *Drain rElec} (You
                  | found it on level 4 of a ziggurat)
 63390 | Zig:5    | Entered Level 5 of a ziggurat
 63442 | Zig:6    | Entered Level 6 of a ziggurat
 63510 | Zig:7    | Entered Level 7 of a ziggurat
 63525 | Zig:7    | Reached XP level 27. HP: 188/188 MP: 45/45
 63538 | Zig:7    | Got a twitching lapis lazuli ring
 63540 | Zig:7    | Identified the ring "Ton Qeut" {-Tele +Fly rElec rPois rF-
                  | rN+++} (You found it on level 7 of a ziggurat)
 63551 | Zig:8    | Entered Level 8 of a ziggurat
 63555 | Zig:8    | Noticed an ancient lich
 63561 | Zig:8    | Killed an ancient lich
 63680 | Zig:9    | Entered Level 9 of a ziggurat
 63686 | Zig:9    | Noticed Goxko the pandemonium lord
 63686 | Zig:9    | Noticed Sadyeq the pandemonium lord
 63689 | Zig:9    | Found the ring of the Octopus King
 63691 | Zig:9    | Killed Sadyeq the pandemonium lord
 63692 | Zig:9    | Killed Goxko the pandemonium lord
 63719 | Zig:9    | Got a ring of the Octopus King
 63721 | Zig:9    | Identified a ring of the Octopus King {MP+9 AC+1 EV+1 Str+1
                  | Int+1 Dex+1} (You found it on level 9 of a ziggurat)
 63739 | Zig:10   | Entered Level 10 of a ziggurat
 63797 | Zig:11   | Entered Level 11 of a ziggurat
 63892 | Zig:12   | Entered Level 12 of a ziggurat
 63898 | Zig:12   | Noticed Zebuti the pandemonium lord
 63905 | Zig:12   | Noticed Zafepryx the pandemonium lord
 63906 | Zig:12   | Killed Zebuti the pandemonium lord
 63907 | Zig:12   | Noticed Menikhe the pandemonium lord
 63911 | Zig:12   | Killed Zafepryx the pandemonium lord
 63919 | Zig:12   | Killed Menikhe the pandemonium lord
 63941 | Zig:12   | Found the +3 pair of gauntlets of War {Slay+5}
 63965 | Zig:12   | Identified the +2 cloak "Biem" {-Cast Int+3 Stlth+} (You
                  | acquired it on level 12 of a ziggurat)
 63984 | Zig:12   | Learned a level 8 spell: Necromutation
 63988 | Zig:12   | Identified the ring "Icir" {+Fly rN+ Int-4 Dex+3 Stlth+}
                  | (You found it on level 12 of a ziggurat)
 63996 | Zig:12   | Identified the +2 ring mail of Crawling {-Tele Str+6} (You
                  | found it on level 12 of a ziggurat)
 64004 | Zig:13   | Entered Level 13 of a ziggurat
 64017 | Zig:13   | Reached skill level 1 in Transmutations
 64054 | Zig:13   | Identified the +3 ring mail of Grace {rElec rN+ MR+ Regen+}
                  | (You found it on level 13 of a ziggurat)
 64083 | Zig:13   | Identified the Catalogue of Congealing Summoning
 64086 | Zig:13   | Reached skill level 5 in Necromancy
 64086 | Zig:13   | Reached skill level 5 in Transmutations
 64134 | Zig:14   | Entered Level 14 of a ziggurat
 64178 | Zig:14   | Identified the Grimoire of the Dusty Birds
 64209 | Zig:14   | Got a polished scale mail
 64220 | Zig:14   | Identified the cursed +0 scale mail of the Constellations
                  | {Regen+} (You found it on level 14 of a ziggurat)
 64248 | Zig:14   | Learned a level 8 spell: Controlled Blink
 64258 | Zig:15   | Entered Level 15 of a ziggurat
 64271 | Zig:15   | Reached skill level 1 in Translocations
 64282 | Zig:15   | Reached skill level 5 in Translocations
 64302 | Zig:15   | Found the +7 Singing Sword {slice, sonic wave}
 64313 | Zig:15   | Identified the Handbook of the Peculiar People
 64355 | Zig:16   | Entered Level 16 of a ziggurat
 64374 | Zig:16   | Found the +7 mace of Variability {chain chaos}
 64403 | Zig:16   | Identified the Disquisition on Black Magic
 64408 | Zig:16   | Identified the ring of Awe {rN+ Dex+5} (You found it on
                  | level 16 of a ziggurat)
 64458 | Zig:17   | Entered Level 17 of a ziggurat
 64478 | Zig:17   | Reached skill level 10 in Translocations
 64499 | Zig:17   | Identified the Volume of Poisoning and Transmigration
 64512 | Zig:17   | Identified the ring "Ciampah" {MR+ Dex+3} (You found it on
                  | level 17 of a ziggurat)
 64528 | Zig:17   | Got a pair of smoking gloves
 64534 | Zig:17   | Identified the +2 pair of gloves "Mootz" {rElec Int+3} (You
                  | found it on level 17 of a ziggurat)
 64563 | Zig:17   | Got a steaming robe
 64578 | Zig:17   | Identified the cursed +1 robe of the Other World {rPois
                  | Str+4} (You found it on level 17 of a ziggurat)
 64615 | Zig:18   | Entered Level 18 of a ziggurat
 64630 | Zig:18   | Noticed a greater mummy
 64649 | Zig:18   | Killed a greater mummy
 64650 | Zig:18   | Noticed a greater mummy
 64652 | Zig:18   | Noticed a greater mummy
 64653 | Zig:18   | Noticed a greater mummy
 64668 | Zig:18   | Killed a greater mummy
 64669 | Zig:18   | Killed a greater mummy
 64669 | Zig:18   | Killed a greater mummy
 64673 | Zig:18   | Noticed a greater mummy
 64695 | Zig:19   | Entered Level 19 of a ziggurat
 64800 | Zig:19   | Found the +8 Wrath of Trog {antimagic, *Rage}
 64825 | Zig:19   | Identified the Papyrus of Burning Protection
 64841 | Zig:19   | Got a heavily runed scale mail
 64852 | Zig:19   | Identified the +1 scale mail of Virtue {MP+9 Dex+5} (You
                  | found it on level 19 of a ziggurat)
 64884 | Zig:20   | Entered Level 20 of a ziggurat
 64933 | Zig:20   | Identified the Disquisition on Damaging Necromancy
 64961 | Zig:20   | Identified Usudieh's Tome of Shape Shifting
 64989 | Zig:21   | Entered Level 21 of a ziggurat
 65061 | Zig:21   | Noticed Kuydgh the pandemonium lord
 65104 | Zig:21   | Killed Kuydgh the pandemonium lord
 65104 | Zig:21   | Gained mutation: You are weak. (Str -2) [a cacodemon]
 65105 | Zig:21   | HP: 9/188 [cloud of flame (2)]
 65105 | Zig:21   | Killed from afar by a Tzitzimitl

Levels and vault maps discovered:
D:1:      tarquinn_simple_flora_water_d, layout_basic
D:2:      wad_pebble_path, layout_loops_ring, lemuel_doored_altar,
          chequers_ecumenical_altar_simple, hangedman_decor_clover_reticule
D:3:      layout_basic, first_ration, minmay_hedge_maze, uniq_ijyb, uniq_robin
D:4:      layout_cave_pods, nemelex_xobeh_ov_fountains_minmay,
          nicolae_ru_the_path_less_chosen
D:5:      layout_gridville, slow_altar_1, nemelex_spade_bored_becter
D:6:      lemuel_upstairs_altar, layout_basic, temple_doors_cd, uniq_pikel
D:7:      layout_loops_cross, uniq_crazy_yiuf_cottage
D:8:      layout_basic, minmay_lair_entry_lava
D:9:      layout_gridville, gammafunk_temple_overflow_wave, david_orc_3,
          the_bakery, amethyst_killhole
D:10:     layout_stronghold, enter_bailey_2, minmay_fractal_squares_gapless_5,
          uniq_harold, uniq_nergalle, uniq_fannar
D:11:     layout_loops_ring, centaur_isle, uniq_gastronok
D:12:     layout_loops_cross, serial_shops, nicolae_shop_behind_doors,
          uniq_snorg
D:13:     layout_roguey, erik_vaults_2
D:14:     layout_roguey, grunt_decor_resistance, kennysheep_generic_room_2
D:15:     hangedman_depths_entry_try_elsewhere_first, layout_loops_ring,
          palyth_stone_intersect, ebering_ghost_inner_flame,
          minmay_stone_trees_medium, wad_mini_maze, uniq_josephine
Temple:   eino_temple_rhombus
Lair:1:   layout_gridlike, basic_altar, gammafunk_ghost_icy,
          grunt_forest_stairs_basic
Lair:2:   layout_regular_city, basic_altar, grunt_megastairs_5,
          minmay_lair_oklob_chamber, infiniplex_staircase_pool
Lair:3:   layout_roguey, nicolae_swamp_entry_splash_gauntlet
Lair:4:   nzn_motion_control, layout_long_grid, spider_nest_entry_web_field,
          uniq_urug
Lair:5:   layout_gridlike, uniq_nessos
Lair:6:   evilmike_catoblepas_cave, layout_regular_city, slime_altar_1,
          serial_bayou_pond_d
Swamp:1:  layout_basic_swamp, evilmike_swamp_ruin_house_3
Swamp:2:  layout_falls_marsh, evilmike_swamp_ruin_rubble_2, swamp_pool1
Swamp:3:  layout_basic_swamp, nicolae_swamp_godswood, swamp_pool1, uniq_donald,
          uniq_louise
Swamp:4:  swamp_vile, layout_basic_swamp, uniq_roxanne
Spider:1: layout_chambers, uniq_jorgrun
Spider:2: layout_chambers
Spider:3: layout_spider_delve
Spider:4: grunt_spider_rune_parallel, uniq_kirke
Slime:1:  layout_caves
Slime:2:  layout_caves
Slime:3:  layout_caves
Slime:4:  layout_caves
Slime:5
Orc:1:    gammafunk_beogh_shrine, layout_caves, roderic_batcave
Orc:2:    st_orc_congregation, layout_diamond_mine, serial_shops, shop,
          sword_in_stone, uniq_erolcha
Elf:1:    minmay_elf_arrival_plus, layout_geoelf_diagonals, evilmike_minifort,
          serial_sigils_hangedman_scratch, uniq_asterion
Elf:2:    layout_onion_city, abandoned_shop
Elf:3:    minmay_elf_hall_curves, layout_geoelf_octagon
Vaults:1: vaults_mumra_minichess_inversion, vaults_mumra_minichess, v_misc_8,
          hangedman_vaults_stream, ontoclasm_vaults_ring_square,
          v_alt_pattern_3, ontoclasm_vaults_ligature, ontoclasm_vaults_pinch,
          layout_vaults_chaotic_city, serial_shops, shop
Vaults:2: vaults_room_stairs_pillars, vaults_room_semicircle,
          vaults_room_door_hall, hangedman_vaults_variations,
          hangedman_vaults_river_flow, vaults_mumra_chevron, vaults_room_fours,
          hangedman_vaults_capsules, vaults_dpeg_hooks, layout_vaults_omnigrid,
          serial_shops, nicolae_shop_temple_entry_statues_fountains
Vaults:3: minmay_crypt_entry_necro_gods, vaults_room_stairs_pillars, v_misc_8,
          nicolae_vaults_angled_halls, dpeg_vaults_monster_box,
          nicolae_vaults_quadrants, v_misc_24,
          nicolae_vaults_stairing_the_circle, v_misc_29, v_pattern_2,
          v_alt_pattern_6, v_misc_15, hangedman_vaults_stitches,
          layout_vaults_omnibox, uniq_margery, uniq_mennas
Vaults:4: nicolae_vaults_specimen_jars, hangedman_vaults_maws,
          nicolae_vaults_network_quinsquares
          [nicolae_vaults_network_quincunx_subvault,
          nicolae_vaults_network_quincunx_subvault,
          nicolae_vaults_network_quincunx_subvault,
          nicolae_vaults_network_quincunx_subvault], v_misc_5,
          nicolae_vaults_little_ls, vaults_standard_mumra_x,
          nicolae_vaults_circle_grid_a, grunt_vaults_hallway_long,
          nicolae_vaults_network_square, vaults_mumra_lcd, vaults_dpeg_diagonal,
          v_misc_29, nicolae_vaults_little_squares_5, v_misc_24,
          vaults_room_grid, layout_vaults_ring
Depths:1: layout_cave_shapes, dk_noncrumbling_3, pan_entry, hell_entry,
          gammafunk_ghost_grave, minmay_variable_closet, minmay_misc_feat_iff,
          abandoned_shop, minmay_metal_thing, grunt_megastairs_4,
          uniq_bai_suzhen, uniq_enchantress
Depths:2: minmay_the_grid_net [minmay_the_grid_outer_circle,
          minmay_the_grid_slots, minmay_the_grid_mess,
          minmay_the_grid_diamond_grid, minmay_the_grid_outer_diamond,
          minmay_the_grid_prize_four_corners_diamond_b], layout_twisted_cross,
          serial_shops, nicolae_shop_behind_doors, ebering_ghost_xom,
          pf_hell_entry_tar_spiral, kennysheep_potato
Depths:3: kennysheep_spiral_hall, layout_cave_pools, rand_demon_pan_entry_3,
          grunt_decor_arrowhead, hell_entry, minmay_shop_grove, uniq_sojobo
Depths:4: evilmike_library_of_no_secrets, layout_long_grid,
          chequers_serial_rivers_small_3,
          nicolae_abyss_entry_one_way_or_another, hell_entry, grunt_megastairs_3
Depths:5: grunt_zot_entry_gee_three, layout_long_grid, enter_ziggurat_a,
          dk_noncrumbling_4, hell_entry, serial_shops, shop
Zig:21:   ziggurat_pillar_abc, ziggurat_pillar_abc, ziggurat_pillar_abc,
          ziggurat_pillar_abc

Skill      XL: |  1  2  3  4  5  6  7  8  9 10 11 12 13 14 15 16 17 18 19 20 21 22 23 24 25 26 27 |
---------------+----------------------------------------------------------------------------------+-----
Spellcasting   | 3 4 7 10 12 15 17 19 | 19.9
Conjurations   | 3 5 13 | 13.6
Air Magic      | 5 8 11 12 16 20 23 24 | 24.7
Fighting       | 4 8 9 14 17 19 22 23 | 23.2
Dodging        | 7 12 16 | 16.6
Armour         | 4 9 10 13 | 13.8
Evocations     | 9 |  9.5
Shields        | 2 7 9 15 16 | 16.2
Charms         | 3 |  3.3
Necromancy     | 2 3 5 |  5.9
Transmutations | 5 |  5.3
Translocations | 14 | 14.3
Stealth        | |  2.0

Action                   |  1- 3 |  4- 6 |  7- 9 | 10-12 | 13-15 | 16-18 | 19-21 | 22-24 | 25-27 || total
-------------------------+-------+-------+-------+-------+-------+-------+-------+-------+-------++-------
Melee: Spear             |     7 |       |       |       |       |       |       |       |       ||     7
       Kick              |     5 |    30 |    57 |    88 |    13 |    38 |    10 |    31 |    25 ||   297
       Peck              |     4 |    21 |    28 |    56 |     9 |    24 |     6 |    25 |    13 ||   186
       Dagger            |    21 |   172 |   121 |   245 |    20 |     7 |       |       |       ||   586
       Mace              |       |       |    43 |     7 |       |       |       |       |       ||    50
       Staff             |       |       |       |     9 |     9 |   108 |    26 |    71 |    49 ||   272
Throw: Dart              |       |       |       |     8 |       |       |       |       |       ||     8
 Cast: Shock             |    27 |    19 |    37 |   108 |   235 |       |       |       |       ||   426
       Static Discharge  |       |     8 |    44 |    92 |   156 |     7 |       |       |       ||   307
       Airstrike         |       |       |    17 |    75 |    45 |   115 |    91 |       |     3 ||   346
       Lightning Bolt    |       |       |     1 |    44 |   339 |   134 |       |       |       ||   518
       Irradiate         |       |       |       |       |     1 |       |       |       |     1 ||     2
       Conjure Ball Ligh |       |       |       |       |       |   184 |       |       |       ||   184
       Chain Lightning   |       |       |       |       |       |    70 |   245 |   216 |   123 ||   654
       Tornado           |       |       |       |       |       |    15 |    47 |    46 |    58 ||   166
       Orb of Destructio |       |       |       |       |       |    10 |    37 |    26 |     8 ||    81
       Freezing Cloud    |       |       |       |       |       |       |    12 |     6 |       ||    18
       Regeneration      |       |       |       |       |       |       |    18 |    40 |    25 ||    83
       Deflect Missiles  |       |       |       |       |       |       |     2 |     4 |     1 ||     7
       Blink             |       |       |       |       |       |       |       |       |     3 ||     3
       Controlled Blink  |       |       |       |       |       |       |       |       |     5 ||     5
 Abil: Fly               |       |     1 |     1 |       |       |       |       |       |       ||     2
       Stop Flying       |       |       |     1 |       |       |       |       |       |       ||     1
Evoke: Wand              |       |       |       |    15 |     6 |     3 |       |     4 |     1 ||    29
       Staff of energy   |       |       |       |       |   115 |   341 |   589 |   428 |    44 ||  1517
       Lightning rod     |       |       |       |       |     2 |     3 |       |       |       ||     5
       Lamp of fire      |       |       |       |       |       |       |     2 |     1 |       ||     3
       Fan of gales      |       |       |       |       |       |       |       |       |     1 ||     1
  Use: Scroll            |     2 |     4 |     9 |    16 |    15 |    17 |    15 |    13 |    48 ||   139
       Potion            |       |       |     2 |     2 |     3 |     4 |    14 |     4 |    28 ||    57
 Stab: Sleeping          |       |     4 |     2 |     5 |       |       |       |       |       ||    11
       Distracted        |       |       |       |     1 |       |       |       |       |       ||     1
       Invisible         |       |       |       |       |       |       |     3 |       |       ||     3
  Eat: Chunk             |       |     9 |    15 |    29 |    61 |    40 |    38 |    58 |    42 ||   292
       Ration            |       |       |     2 |     5 |     5 |    20 |     8 |     2 |     9 ||    51
Armor: Robe              |     1 |       |     7 |    64 |       |       |       |       |       ||    72
       Ring mail         |     8 |    41 |    48 |       |       |    18 |       |       |    59 ||   174
       Fire dragon scale |       |       |       |    11 |       |       |       |       |       ||    11
       Scale mail        |       |       |       |       |    97 |    36 |       |       |       ||   133
       Leather armour    |       |       |       |       |       |    73 |   205 |    46 |       ||   324
       Acid dragon scale |       |       |       |       |       |       |       |   175 |    79 ||   254
       Troll leather arm |       |       |       |       |       |       |       |     1 |       ||     1
       Skin              |       |       |       |       |       |       |       |       |    32 ||    32
Dodge: Dodged            |    16 |    83 |    99 |   289 |   213 |   257 |   243 |   364 |   354 ||  1918
       Deflected         |       |       |       |       |       |       |    17 |    23 |    48 ||    88
Block: Other             |     1 |    18 |    27 |    39 |    20 |       |       |       |       ||   105
       Reflection        |       |     2 |     2 |     2 |     2 |     8 |       |       |       ||    16
       Buckler           |       |       |       |       |       |   146 |   105 |    84 |       ||   335
       Shield            |       |       |       |       |       |       |       |   141 |   352 ||   493
